 Dungeon Crawl Stone Soup version 0.29.1-2-gbd0b4ee654 (webtiles) character file.

Game seed: 10678058097983979683

2483 GeoRichter the Skirmisher (level 9, -1/46 HPs)
             Began as a Spriggan Hunter on Nov 11, 2022.
             Was a Believer of Fedhas.
             Slain by a killer bee (5 damage)
             ... on level 8 of the Dungeon on Nov 12, 2022.
             The game lasted 00:16:33 (8075 turns).

GeoRichter the Skirmisher (Spriggan Hunter)         Turns: 8075, Time: 00:16:34

Health: -1/46      AC:  6    Str:  7    XL:     9   Next: 27%
Magic:  8/10       EV: 21    Int: 14    God:    Fedhas [**....]
Gold:   278        SH:  0    Dex: 23    Spells: 8/8 levels left

rFire   . . .      SeeInvis +   b - +10 dagger of the Pyrrhic Victory {elec, rC+ Will+ Int+4}
rCold   + + .      Faith    .   (no shield)
rNeg    . . .      Spirit   .   y - +0 acid dragon scales
rPois   .          Reflect  .   (helmet restricted)
rElec   .          Harm     .   (no cloak)
rCorr   +          Rampage  .   (gloves unavailable)
Will    ++...                   (boots unavailable)
Stlth   ++++......              (no amulet)
HPRegen 0.15/turn               z - ring of protection from cold
MPRegen 0.12/turn               (no ring)

@: lethally poisoned (-1 -> -4), very quick
A: very small, no large weapons, unfitting armour, see invisible, speed 3
a: Renounce Religion, Wall of Briars


You were on level 8 of the Dungeon.
You worshipped Fedhas.
Fedhas was pleased with you.
You visited 2 branches of the dungeon, and saw 9 of its levels.

You collected 278 gold pieces.

Inventory:

Hand Weapons
 a - a +0 arbalest
   (You took it off an orc warrior on level 9 of the Dungeon)
 b - the +10 dagger of the Pyrrhic Victory (weapon) {elec, rC+ Will+ Int+4}
   (You found it on level 9 of the Dungeon)

   It occasionally discharges a powerful burst of electricity upon striking a
   foe.
   Int:       It affects your intelligence (+4).
   rC:        It protects you from cold.
   Will:      It increases your willpower.
Armour
 y - +0 acid dragon scales (worn)
   (You found it on level 9 of the Dungeon)
Jewellery
 z - a ring of protection from cold (left hand)
   (You found it on level 9 of the Dungeon)
Wands
 v - a wand of digging (6)
   (You found it on level 5 of the Dungeon)
Scrolls
 e - 6 scrolls of identify {unknown}
 f - 3 scrolls of blinking
 h - a scroll of summoning {unknown}
 k - 2 scrolls of enchant weapon {unknown}
 l - 2 scrolls of poison {unknown}
 m - a scroll of noise {unknown}
 n - 5 scrolls of fear {unknown}
 q - a scroll of vulnerability {unknown}
 t - 2 scrolls of teleportation {unknown}
 u - a scroll of magic mapping {unknown}
 x - a scroll of fog {unknown}
Potions
 g - a potion of heal wounds {unknown}
 i - a potion of cancellation {unknown}
 j - 2 potions of might {unknown}
 o - 2 potions of attraction {unknown}
 p - a potion of mutation {unknown}
 r - 4 potions of lignification {unknown}
 s - a potion of ambrosia {unknown}
 w - a potion of berserk rage {unknown}


   Skills:
 + Level 4.3 Fighting
 * Level 10.0 Ranged Weapons
 + Level 7.0 Dodging
 + Level 7.9 Stealth


You had 8 spell levels left.
You didn't know any spells.
Your spell library contained the following spells:

 Spells                   Type           Power      Damage    Failure   Level
 Magic Dart               Conj           0%         1d3       50%         1
 Ensorcelled Hibernation  Hex/Ice        0%         N/A       63%         2
 Passwall                 Tmut/Erth      0%         N/A       63%         2
 Searing Ray              Conj           0%         2d4       63%         2
 Sublimation of Blood     Necr           0%         N/A       63%         2
 Dazzling Flash           Conj/Hex       0%         N/A       86%         3
 Swiftness                Air            0%         N/A       86%         3
 Animate Dead             Necr           0%         N/A       99%         4
 Fulminant Prism          Conj/Hex       0%         3d6       99%         4
 Petrify                  Tmut/Erth      0%         N/A       99%         4
 Agony                    Necr           0%         N/A       100%        5
 Irradiate                Conj/Tmut      0%         3d11      100%        5
 Silence                  Hex/Air        0%         N/A       100%        5
 Summon Forest            Summ/Tloc      0%         N/A       100%        5
 Infestation              Necr           0%         N/A       100%        8


Dungeon Overview and Level Annotations

Branches:
Dungeon (9/15) Zot: 26963  Temple (1/1) D:4 Zot: 5870
   Lair: D:8-11         Orc: D:9-12

Altars:
Ashenzari
Dithmenos
Elyvilon
Fedhas
Hepliaklqana
Makhleb
Nemelex Xobeh
Okawaru
Qazlal
Sif Muna
Trog
Uskayaw
Vehumet
Wu Jian
Xom
Zin


Innate Abilities, Weirdness & Mutations

You are very small and have problems with some larger weapons.
You are too small for most types of armour.
You have supernaturally acute eyesight. (SInv)
You cover ground extremely quickly. (Speed+++)


Message History

You walk carefully through the plants.
The killer bee barely misses you.
The killer bee attacks as you move away!
The killer bee completely misses you.
The killer bee stings your briar patch but does no damage.
The +10 dagger of the Pyrrhic Victory {elec, rC+ Will+ Int+4} stops crackling.
a - a +0 arbalest (weapon)
The killer bee stings your briar patch but does no damage.
Fire: a) +0 arbalest
Aim: a killer bee (42% to hit)
You shoot a bolt. Fedhas protects your plant from harm.
The bolt misses the killer bee.
The bolt hits the killer bee!
The killer bee stings your briar patch but does no damage.
The killer bee stings your briar patch!
Your briar patch is poisoned.
The killer bee poisons your briar patch!
The killer bee stings your briar patch!
Fire: a) +0 arbalest
Aim: a killer bee (heavily wounded, 42% to hit)
You shoot a bolt. Fedhas protects your plant from harm.
The bolt closely misses the killer bee.
The bolt hits the killer bee!
You kill the killer bee!
Fedhas appreciates your contribution to the ecosystem.
The killer bee stings your briar patch!
Your briar patch is destroyed!
Your briar patch disappears in a puff of smoke!
The killer bee misses you.
Fire: a) +0 arbalest
Aim: a killer bee (grey smoke, 42% to hit)
Okay, then.
You feel clever.
You hear the crackle of electricity.
b - the +10 dagger of the Pyrrhic Victory (weapon)
{elec, rC+ Will+ Int+4} The killer bee closely misses you.
You barely miss the killer bee. The killer bee closely misses you.
The killer bee stings you.
* * * LOW HITPOINT WARNING * * *
You are poisoned.
The killer bee poisons you!
You hit the killer bee.
You feel sick. The killer bee barely misses you. The killer bee misses you.
You closely miss the killer bee.
You feel sick. The killer bee barely misses you. The killer bee stings you.
* * * LOW HITPOINT WARNING * * *
You miss the killer bee.
* * * LOW HITPOINT WARNING * * *
You feel sick. The killer bee stings you.
You die...
Fedhas appreciates your contribution to the ecosystem.

..#. #...
... .. .#
##########†#
#......##.#
#......##y#
#......#.@#
#....>.#.##
#........#
#.......##
#.......#
#......##
#......#
#.....##
#.....#


You could see a killer bee.

Vanquished Creatures
  A gargoyle (D:9)
  A wyvern (D:9)
  Eustachio (D:3)
  An acid dragon (D:9)
  An orc warrior (D:9)
  A black bear (D:2)
  3 wolves (D:9)
  A phantom (D:5)
  A bullfrog (D:9)
  2 necrophages (D:5)
  A scorpion (D:5)
  3 wights (D:9)
  4 killer bees (D:8)
  An electric eel (D:6)
  5 hounds (D:5)
  An orc priest (D:9)
  4 iguanas (D:5)
  5 orc wizards
  11 gnolls
  5 adders
  A white imp (D:5)
  2 ufetubi (D:4)
  7 dart slugs
  15 orcs
  7 ball pythons
  2 bats
  6 endoplasms
  6 giant cockroaches
  7 hobgoblins
  5 jackals
  4 kobolds
  6 quokkas
  2 frilled lizards (D:3)
  4 goblins
  4 rats
131 creatures vanquished.

Notes
Turn   | Place    | Note
-------+----------+-------------------------------------------
     0 | D:1      | GeoRichter the Spriggan Hunter began the quest for the Orb.
     0 | D:1      | Reached XP level 1. HP: 10/10 MP: 2/2
   298 | D:1      | Reached XP level 2. HP: 14/14 MP: 3/3
   708 | D:1      | Reached skill level 5 in Ranged Weapons
   745 | D:1      | Found a faded altar of an unknown god.
   752 | D:1      | Reached XP level 3. HP: 18/18 MP: 4/4
  1144 | D:2      | Noticed a black bear
  1217 | D:2      | Killed a black bear
  1218 | D:2      | Reached skill level 6 in Ranged Weapons
  1218 | D:2      | Reached XP level 4. HP: 18/22 MP: 5/5
  1218 | D:2      | Reached XP level 5. HP: 21/25 MP: 6/6
  1644 | D:3      | Found a radiant altar of Vehumet.
  2071 | D:3      | Got the Tractate on the Necrotic Entourage
  2350 | D:3      | Reached skill level 7 in Ranged Weapons
  2397 | D:4      | Noticed Eustachio
  2711 | D:3      | Killed Eustachio
  2712 | D:3      | Reached XP level 6. HP: 21/30 MP: 7/7
  3122 | D:4      | Found a staircase to the Ecumenical Temple.
  3134 | D:4      | Found an ornate altar of the Wu Jian Council.
  3138 | Temple   | Entered the Ecumenical Temple
  3321 | Temple   | Became a worshipper of Fedhas Madash
  3606 | D:5      | Entered Level 5 of the Dungeon
  4029 | D:4      | Found a staircase to the Ecumenical Temple.
  4098 | D:5      | Reached XP level 7. HP: 25/35 MP: 8/8
  4359 | D:5      | Reached skill level 8 in Ranged Weapons
  4870 | D:5      | Found a shadowy altar of Dithmenos.
  5195 | D:5      | Reached * piety under Fedhas
  5196 | D:5      | Reached skill level 5 in Stealth
  5329 | D:5      | Identified the +0 ring mail of the Barracuda {rPois Dex+3}
  5418 | D:5      | Reached skill level 5 in Dodging
  5418 | D:5      | Reached XP level 8. HP: 27/40 MP: 9/9
  6065 | D:6      | You fall into a shaft and drop 3 floors!
  6878 | D:9      | Reached skill level 9 in Ranged Weapons
  6893 | D:9      | Noticed Grum
  7239 | D:9      | Identified the +10 dagger of the Pyrrhic Victory {elec, rC+
                  | Will+ Int+4}
  7768 | D:9      | Reached XP level 9. HP: 31/45 MP: 10/10
  7984 | D:9      | Found a faded altar of an unknown god.
  7985 | D:9      | Found a hazy altar of Hepliaklqana.
  7985 | D:9      | Noticed a gargoyle
  7989 | D:9      | Killed a gargoyle
  8047 | D:8      | Reached ** piety under Fedhas
  8064 | D:8      | Reached skill level 10 in Ranged Weapons
  8075 | D:8      | Slain by a killer bee

Illustrated notes

Levels and vault maps discovered:
D:1:      ncdulo_lavacross, layout_loops_corners, ebering_ecumenical_altar_webs,
          serial_rivers, chequers_serial_rivers_small_a,
          chequers_serial_rivers_marsh, chequers_serial_rivers_room_b,
          chequers_serial_rivers_small_3
D:2:      layout_loops_ring
D:3:      layout_basic, overflow_temple_1_default
D:4:      layout_gridville, mainiacjoe_overflow_tiny_flanked,
          minmay_temple_entry_gardened_gates, chequers_serial_rivers_small_b,
          kennysheep_generic_room_15, uniq_eustachio
D:5:      minmay_bubble_buster, layout_basic, nicolae_dithmenos_shadow_blocks,
          dreamdust_princess_corridor
D:6:      layout_cave_pools, nicolae_overflow_hidden_temple,
          chequers_ossuary_entry_cave, chequers_big_river
D:8:      layout_cave_pods, serial_gnoll_camp, gnoll_camp_mini_basic,
          gnoll_camp_mini_basic, gnoll_camp_huts_basic, gnoll_camp_mini_house,
          kennysheep_dice
D:9:      layout_basic, beargit_hepliaklqana_dungeon_heroes,
          kennysheep_decorative_pillar, uniq_grum
Temple:   nicolae_temple_bog_church

Skill      XL: |  1  2  3  4  5  6  7  8  9 |
---------------+----------------------------+-----
Ranged Weapons | 5 6 7 8 9 10 | 10.0
Dodging        | 3 5 6 7 |  7.0
Stealth        | 2 3 5 7 |  7.9
Fighting       | 2 3 4 |  4.3

Action                   |  1- 3 |  4- 6 |  7- 9 || total
-------------------------+-------+-------+-------++-------
Melee: Rapier            |       |    15 |    54 ||    69
       Dagger            |       |       |    30 ||    30
 Fire: Shortbow          |    64 |   197 |   182 ||   443
       Arbalest          |       |       |     6 ||     6
Invok: Wall of Briars    |       |       |     1 ||     1
  Use: Scroll            |       |     1 |     1 ||     2
       Potion            |       |       |     3 ||     3
 Stab: Sleeping          |       |       |     3 ||     3
Armor: Robe              |     1 |     6 |     3 ||    10
       Acid dragon scale |       |       |    12 ||    12
Dodge: Dodged            |     8 |   119 |   137 ||   264
